 Seeded DCSS version 0.29-a0-1033-gb6c65ffae6 (webtiles) character file.

Game seed: 11882214131023914620 (custom seed)

2950 purpskrrrp the Spear-Bearer (level 9, -3/64 HPs)
             Began as a Merfolk Fighter on Aug 15, 2022.
             Was an Initiate of Gozag.
             Slain by an eight-headed hydra (11 damage)
             ... on level 8 of the Dungeon.
             The game lasted 00:27:39 (6900 turns).

purpskrrrp the Spear-Bearer (Merfolk Fighter)       Turns: 6900, Time: 00:27:40

Health: -3/64      AC: 11    Str: 20    XL:     9   Next: 81%
Magic:  9/9        EV: 20    Int:  8    God:    Gozag
Gold:   655        SH:  6    Dex: 13    Spells: 8/8 levels left

rFire   . . .      SeeInvis .   a - +1 trident
rCold   . . .      Faith    .   c - +0 buckler
rNeg    . . .      Spirit   .   b - +0 scale mail
rPois   .          Reflect  .   q - +0 helmet
rElec   .          Harm     .   H - +2 cloak
rCorr   .          Rampage  .   j - +0 pair of gloves
Will    .....                   (no boots)
Stlth   ..........              k - amulet of regeneration
HPRegen 1.00/turn               v - +4 ring of evasion
MPRegen 0.11/turn               t - +4 ring of evasion

@: about to teleport
A: (nimble swimmer 2), mertail
a: Renounce Religion, Potion Petition, Call Merchant, Bribe Branch


You were on level 8 of the Dungeon.
You worshipped Gozag.
Gozag was pleased with you.
You visited 2 branches of the dungeon, and saw 9 of its levels.

You collected 745 gold pieces.
You paid 90 gold pieces to Gozag.

Inventory:

Hand Weapons
 a - a +1 trident (weapon)
 z - the +10 hammer of the Stopping Scavenger {vorpal, rC+ Dex+5 Stlth+}
   (You found it on level 4 of the Dungeon)

   It inflicts extra damage upon your enemies.
   Dex:       It affects your dexterity (+5).
   rC:        It protects you from cold.
   Stlth:     It makes you more stealthy.
Armour
 b - a +0 scale mail (worn)
 c - a +0 buckler (worn)
 f - a +0 cloak
 j - a +0 pair of gloves (worn)
 q - a +0 helmet (worn)
 u - a +3 plate armour of willpower
 H - a +2 cloak (worn)
Jewellery
 d - an amulet of the acrobat
 e - a ring of resist corrosion
 k - an amulet of regeneration (around neck)
 t - a +4 ring of evasion (right hand)
 v - a +4 ring of evasion (left hand)
 y - a ring of flight
 C - a ring of willpower
Wands
 g - a wand of roots (7)
 o - a wand of quicksilver (11)
 B - a wand of polymorph (13)
 F - a wand of paralysis (7)
Scrolls
 h - a scroll of identify
 l - 3 scrolls of immolation
 m - a scroll of fear {unknown}
 A - 2 scrolls of poison
 G - a scroll of vulnerability
 I - a scroll of acquirement {unknown}
Potions
 n - a potion of magic
 p - 3 potions of flight
 s - 3 potions of curing
 w - 2 potions of mutation
 x - a potion of lignification {unknown}
 D - a potion of cancellation
 E - 3 potions of degeneration


   Skills:
 - Level 3.2 Fighting
 * Level 12.4 Polearms
 - Level 2.1 Armour
 + Level 8.5 Dodging
 + Level 7.3 Shields


You had 8 spell levels left.
You didn't know any spells.
Your spell library contained the following spells:

 Spells                   Type           Power      Damage    Failure   Level
 Ensorcelled Hibernation  Hex/Ice        0%         N/A       94%         2
 Passwall                 Tmut/Erth      0%         N/A       94%         2
 Inner Flame              Hex/Fire       0%         N/A       99%         3
 Swiftness                Air            0%         N/A       99%         3
 Cause Fear               Hex            0%         N/A       100%        4
 Leda's Liquefaction      Hex/Erth       0%         N/A       100%        4
 Lee's Rapid Deconstruct  Erth           0%         3d5*      100%        5
 Statue Form              Tmut/Erth      0%         N/A       100%        6
 Discord                  Hex            0%         N/A       100%        8


Dungeon Overview and Level Annotations

Branches:
Dungeon (8/15)             Temple (1/1) D:4
   Lair: D:8-11

Altars:
Ashenzari
Cheibriados
Dithmenos
Elyvilon
Fedhas
Gozag
Hepliaklqana
Kikubaaqudgha
Okawaru
Qazlal
Ru
Trog
Uskayaw
Vehumet
Wu Jian
Xom
Yredelemnul
Zin
The Shining One

Shops:
D:1 *(!:   D:5 (

Annotations:
D:6 3 runed translucent doors, purpskrrrp's ghost, weakling DgDe
D:7 2 transporters, crescentfresh's ghost, novice OpVM


Innate Abilities, Weirdness & Mutations

((You are very nimble when in or above water. (Stealth+, EV+, Speed+++)))
Your lower body shifts to a powerful aquatic tail in water.


Message History

You block the eight-headed hydra's attack.
The eight-headed hydra barely misses you.
The eight-headed hydra closely misses you.
The eight-headed hydra bites you but does no damage.
The eight-headed hydra bites you.
The eight-headed hydra closely misses you.
You puncture the eight-headed hydra!
The eight-headed hydra is moderately wounded.
You hit the eight-headed hydra.
The eight-headed hydra is heavily wounded.
The eight-headed hydra barely misses you.
The eight-headed hydra misses you.
The eight-headed hydra bites you but does no damage.
You block the eight-headed hydra's attack.
The eight-headed hydra closely misses you.
The eight-headed hydra misses you. The eight-headed hydra bites you.
The eight-headed hydra bites you!
You are too injured to fight recklessly!
You feel much better.
The eight-headed hydra bites you but does no damage.
The eight-headed hydra barely misses you. x2
The eight-headed hydra misses you.
You block the eight-headed hydra's attack.
The eight-headed hydra misses you. The eight-headed hydra bites you!
The eight-headed hydra bites you.
As you read the scroll of teleportation, it crumbles to dust.
You feel strangely unstable. The eight-headed hydra bites you!
* * * LOW HITPOINT WARNING * * *
The eight-headed hydra completely misses you.
The eight-headed hydra closely misses you.
The eight-headed hydra bites you but does no damage.
You block the eight-headed hydra's attack. x2
The eight-headed hydra bites you!
* * * LOW HITPOINT WARNING * * *
The eight-headed hydra misses you.
The eight-headed hydra attacks as you move away!
The eight-headed hydra barely misses you.
The eight-headed hydra bites you!
You die...
Your body crumbles into a pile of gold.

# #.........#
#####.#############..
......##.....<.......
......[..###########.
.######### .### ...#
##.## ##.##
##########......
##..#####.......@D......
....>.....########......
#####...### .....
###...# #### #####


You could see an eight-headed hydra.

Vanquished Creatures
  The ghost of nicolae the Changer, a novice DrTm (D:5)
  Sigmund (D:6)
  3 water moccasins
  An orc warrior (D:7)
  A hornet zombie (D:5)
  An ogre (D:4)
  The ghost of xian the Conjurer, an amateur DrCj (D:4)
  A centaur (D:5)
  2 phantoms (D:4)
  Blork the orc (D:4)
  3 bullfrogs
  2 wyvern zombies (D:5)
  A kobold brigand (D:7)
  A scorpion (D:6)
  A water moccasin zombie (D:4)
  3 wights (D:7)
  A killer bee (D:4)
  2 orc priests (D:7)
  Crazy Yiuf (D:4)
  3 hounds
  4 jellies
  5 iguanas
  3 orc wizards
  4 hound zombies (D:4)
  2 hound skeletons (D:4)
  A howler monkey skeleton (D:5)
  4 gnolls
  8 adders
  A shadow imp (D:6)
  A white imp (D:7)
  An ufetubus (D:6)
  An adder zombie (D:4)
  3 worms
  4 dart slugs
  15 orcs
  4 bats
  6 endoplasms
  4 giant cockroaches
  4 goblins
  5 hobgoblins
  8 jackals
  10 kobolds
  5 quokkas
  7 ball pythons
  A quokka zombie (D:4)
  7 rats
149 creatures vanquished.

Notes
Turn   | Place    | Note
-------+----------+-------------------------------------------
     0 | D:1      | purpskrrrp the Merfolk Fighter began the quest for the Orb.
     0 | D:1      | Reached XP level 1. HP: 18/18 MP: 1/1
   203 | D:1      | Found Tozytais's Book Boutique.
   214 | D:1      | Found Difiz's Distillery.
   227 | D:1      | Reached skill level 3 in Polearms
   434 | D:1      | Reached XP level 2. HP: 21/24 MP: 2/2
   526 | D:1      | Reached skill level 1 in Dodging
   614 | D:1      | Found a faded altar of an unknown god.
   727 | D:1      | Found Qanwaul's Antique Weapon Boutique.
   731 | D:1      | Found Toxt's Assorted Antiques.
  1161 | D:2      | Reached XP level 3. HP: 27/29 MP: 3/3
  1293 | D:2      | Reached skill level 4 in Polearms
  1677 | D:3      | Reached XP level 4. HP: 35/35 MP: 4/4
  1845 | D:3      | Found a broken altar of Ashenzari.
  2162 | D:3      | Found a bloodstained altar of Trog.
  2429 | D:4      | Found a staircase to the Ecumenical Temple.
  2452 | D:4      | Identified the +10 hammer of the Stopping Scavenger
                  | {vorpal, rC+ Dex+5 Stlth+}
  2485 | D:4      | Found a runed translucent door.
  2486 | D:4      | Noticed Crazy Yiuf
  2544 | D:4      | Reached skill level 5 in Polearms
  2680 | D:4      | Reached XP level 5. HP: 41/41 MP: 5/5
  2844 | D:4      | Noticed a water moccasin
  2866 | D:4      | HP: 2/41 [killer bee (8)]
  2869 | D:4      | Reached skill level 6 in Polearms
  2869 | D:4      | Reached XP level 6. HP: 35/47 MP: 6/6
  2877 | D:4      | Killed a water moccasin
  2962 | Temple   | Entered the Ecumenical Temple
  3181 | D:4      | Noticed Blork the orc
  3202 | D:4      | Killed Blork the orc
  3203 | D:4      | Reached skill level 7 in Polearms
  3235 | D:4      | Reached XP level 7. HP: 49/52 MP: 7/7
  3351 | D:4      | Reached skill level 5 in Shields
  3386 | D:4      | Reached skill level 8 in Polearms
  3386 | D:4      | Reached skill level 5 in Dodging
  3472 | D:4      | Reached XP level 8. HP: 57/58 MP: 8/8
  3590 | D:4      | Found a runed translucent door.
  3667 | D:4      | Noticed xian's ghost (amateur DrCj)
  3690 | D:5      | Entered Level 5 of the Dungeon
  4035 | D:5      | Found an opulent altar of Gozag.
  4057 | D:5      | Reached skill level 9 in Polearms
  4074 | D:5      | Became a worshipper of Gozag Ym Sagoz the Greedy
  4217 | D:5      | Found Tokatoal's Weapon Emporium.
  4291 | D:5      | Found a transporter.
  4295 | D:5      | Noticed nicolae's ghost (novice DrTm)
  4298 | D:5      | Found a transporter.
  4959 | D:4      | Killed xian's ghost
  4960 | D:4      | Reached skill level 10 in Polearms
  5038 | D:4      | Killed Crazy Yiuf
  5195 | D:5      | Killed nicolae's ghost
  5196 | D:5      | Reached XP level 9. HP: 62/64 MP: 9/9
  5203 | D:5      | Reached skill level 11 in Polearms
  5621 | D:6      | Found a runed translucent gate.
  5625 | D:6      | Found a runed translucent gate.
  5625 | D:6      | Found a runed translucent gate.
  5625 | D:6      | Noticed a cyclops
  5629 | D:6      | Noticed purpskrrrp's ghost (weakling DgDe)
  5739 | D:6      | Noticed Sigmund
  5749 | D:6      | Killed Sigmund
  6143 | D:7      | Noticed crescentfresh's ghost (novice OpVM)
  6143 | D:7      | Found a transporter.
  6143 | D:7      | Found a transporter.
  6465 | D:7      | Reached skill level 12 in Polearms
  6888 | D:8      | Noticed an eight-headed hydra
  6900 | D:8      | Slain by an eight-headed hydra

Illustrated notes

Levels and vault maps discovered:
D:1:      elethiomel_arrival_maze, layout_basic,
          shapermc_ecumenical_altar_pompeii, serial_shops, shop,
          nicolae_shop_window_shopping, nicolae_shop_trees, nicolae_shop_stone
D:2:      layout_rooms
D:3:      layout_basic, nicolae_ashenzari_panopticon, lightli_temple_of_fire,
          amcnicky_mini_corridor_feature, minmay_misc_feat_rows,
          serial_bayou_crossing
D:4:      kennysheep_spiral_hall, layout_rooms, minmay_temple_entry_mist,
          serial_undead, serial_undead_a, serial_undead_a, serial_undead_f,
          serial_undead_b, ebering_ghost_reflecting_pool,
          minmay_divided_ellipse, uniq_blork_the_orc, uniq_crazy_yiuf_cottage
D:5:      minmay_angry_zag, layout_loops_corners, mainiacjoe_overflow_alcove_4,
          serial_shops, shop, gammafunk_ghost_mausoleum
D:6:      layout_basic, gammafunk_ghost_split, kennysheep_generic_room_15,
          uniq_sigmund
D:7:      layout_rooms, gammafunk_ghost_arena, reono_crystal_passage
D:8:      layout_rooms, mainiacjoe_overflow_tiny_flanked
Temple:   eino_temple_rhombus

Skill      XL: |  1  2  3  4  5  6  7  8  9 |
---------------+----------------------------+-----
Polearms       | 3 4 5 6 7 8 10 12 | 12.4
Dodging        | 1 2 3 4 5 7 8 |  8.5
Shields        | 4 5 6 7 |  7.3
Fighting       | |  3.2
Armour         | |  2.1

Action                   |  1- 3 |  4- 6 |  7- 9 || total
-------------------------+-------+-------+-------++-------
Melee: Trident           |   121 |   207 |   491 ||   819
Evoke: Wand              |       |       |     3 ||     3
  Use: Scroll            |       |     1 |    15 ||    16
       Potion            |       |     2 |     4 ||     6
Armor: Scale mail        |    51 |    53 |   100 ||   204
Dodge: Dodged            |    46 |   161 |   392 ||   599
Block: Buckler           |    21 |    46 |   103 ||   170

Table legend: (Time is in decaauts)
 A = Elapsed time spent in this place.
 B = Non-inter-level travel time spent in this place.
 C = Inter-level travel time spent in this place.
 D = Time resting spent in this place.
 E = Time spent auto-exploring this place.
 F = Levels seen in this place.
 G = Mean time per level.
                   A        B        C        D        E       F      G
               +--------+--------+--------+--------+--------+-----+--------+
         Total |   6813 |   6175 |    638 |    160 |   4305 |   9 |  757.0 |
       Dungeon |   6617 |   5999 |    618 |    160 |   4143 |   8 |  827.1 |
        Temple |    195 |    175 |     20 |      0 |    162 |   1 |  195.0 |
               +--------+--------+--------+--------+--------+-----+--------+

Top non-repeatable levels by time:
     D:5: 1384 daAuts
     D:4: 1249 daAuts
     D:1: 1016 daAuts
     D:6: 924 daAuts
     D:3: 851 daAuts
     D:2: 577 daAuts
     D:7: 541 daAuts
  Temple: 195 daAuts
     D:8: 71 daAuts
